 Dungeon Crawl Stone Soup version 0.18.1-50-g88ac8fd (webtiles) character file.

21 ToNi123 the Magician (level 2, -1/17 HPs)
             Began as an Octopode Wizard on Jan 17, 2017.
             Slain by a jackal (2 damage)
             ... on level 2 of the Dungeon.
             The game lasted 00:28:31 (850 turns).

ToNi123 the Magician (Octopode Wizard)               Turns: 850, Time: 00:28:32

Health: -1/17      AC:  1    Str:  6    XL:     2   Next: 83%
Magic:  6/6        EV: 12    Int: 20    God:
Gold:   27         SH:  0    Dex: 10    Spells: 1 memorised, 7 levels left

rFire  . . .     SeeInvis .     e - +2 dagger (distort)
rCold  . . .     Gourm    .     (no shield)
rNeg   . . .     Faith    .     a - +0 hat
rPois  .         Spirit   .     (no amulet)
rElec  .         Dismiss  .     (no ring)
rCorr  .         Reflect  .     (no ring)
SustAt .         Harm     .     (no ring)
MR     .....                    (no ring)
Stlth  +++.......               (no ring)
                                (no ring)
                                (no ring)
                                (no ring)

@: lethally poisoned (-1 -> -6), not resistant to hostile enchantments, fairly
stealthy
A: almost no armour, amphibious, 8 rings, constrict 8, camouflage 1, gelatinous
body 1
a: no special abilities


You were on level 2 of the Dungeon.
You were not hungry.

You visited 1 branch of the dungeon, and saw 3 of its levels.

You collected 27 gold pieces.

Inventory:

Hand Weapons
 e - a +2 dagger of distortion (weapon)
 i - a +0 club
Missiles
 l - 14 stones (quivered)
 n - 15 poisoned needles
Armour
 a - a +0 hat (worn)
 g - a +0 leather armour
 k - a +0 naga barding
 m - a +0 cloak {This is a cloak}
Books
 b - a book of Minor Magic

   Spells                             Type                      Level
   a - Magic Dart                     Conjuration                  1
   b - Blink                          Translocation                2
   c - Call Imp                       Summoning                    2
   d - Repel Missiles                 Charms/Air                   2
   e - Slow                           Hexes                        2
   f - Conjure Flame                  Conjuration/Fire             3
   g - Mephitic Cloud                 Conjuration/Poison/Air       3
Comestibles
 c - a bread ration
 f - 4 chunks of flesh


   Skills:
 + Level 0.2 Fighting
 + Level 2.2 Dodging
 + Level 2.8 Stealth
 + Level 3.5 Spellcasting
 + Level 1.0 Conjurations
   Level 1.0 Summonings
   Level 1.0 Translocations


You had 7 spell levels left.
You knew the following spells:

 Your Spells              Type           Power        Failure   Level  Hunger
a - Magic Dart            Conj           #...         12%         1    None


Dungeon Overview and Level Annotations

Branches:
Dungeon (3/15)

Altars:
Vehumet

Annotations:
D:3 Natasha


Innate Abilities, Weirdness & Mutations

You cannot wear most types of armour.
You are amphibious.
You can wear up to eight rings at the same time.
You can use your tentacles to constrict eight enemies at once.
Your skin changes colour to match your surroundings (Stealth).
Your rubbery body absorbs attacks (AC +1).


Message History

You hit the adder but do no damage.
The adder is heavily wounded.
The adder disappears!
You lose your grip on the adder.
You feel sick.
You closely miss the jackal. You grab the jackal. You constrict the jackal.
The jackal bites you.
* * * LOW HITPOINT WARNING * * *
The jackal bites you.
* * * LOW HITPOINT WARNING * * *
You release your grip on the jackal.
A jackal comes into view.
* * * LOW HITPOINT WARNING * * *
You feel sick. The jackal barely misses you. The jackal barely misses you.
The jackal misses you.
Found 12 stones.
The jackal bites you.
* * * LOW HITPOINT WARNING * * *
The jackal bites you.
You die...

# .(######### ♣
..........### ♣♣ #
...... .(.# ♣♣. #.
..... ... ♣..
.##.##.#.##.### ♣.♣.
......#.h@...# ♣♣
..#)#..#.h#.###
....h.h...#.########
..#.#.....#.#.......
........)[#.#.....#
.##.#.....#.#...#.#
#.............#.#
.................<#
..........###...###


You could see 3 jackals.

Vanquished Creatures
  A dart slug (D:2)
  A giant gecko (D:2)
  A ball python (D:1)
  3 goblins
  A hobgoblin (D:2)
  2 quokkas (D:2)
  2 bats
  A giant newt (D:1)
  2 kobolds (D:2)
  4 rats
18 creatures vanquished.

Vanquished Creatures (others)
  A quokka (D:2)
1 creature vanquished.

Grand Total: 19 creatures vanquished

Notes
Turn   | Place    | Note
--------------------------------------------------------------
     0 | D:1      | ToNi123 the Octopode Wizard began the quest for the Orb.
     0 | D:1      | Reached XP level 1. HP: 11/11 MP: 4/4
    58 | D:2      | Found a radiant altar of Vehumet.
   256 | D:2      | Reached XP level 2. HP: 16/17 MP: 3/6
   329 | D:3      | Noticed Natasha
   350 | D:3      | Noticed a crimson imp
   850 | D:2      | Slain by a jackal

Action                   || total
-------------------------++-------
Melee: Dagger            ||    29
       Constrict         ||     8
       Tentacles         ||     1
 Cast: Magic Dart        ||    23
  Use: Scroll            ||     3
       Potion            ||     2
Armor: Skin              ||     2
Dodge: Dodged            ||    25
